 Dungeon Crawl Stone Soup version 0.29-a0-495-g17b79114eb (webtiles) character file.

Game seed: 17736203426920938025

159 greenreed the Poker (level 5, -5/47 HPs)
             Began as a Hill Orc Monk on May 27, 2022.
             Slain by an orc
             ... wielding a +2 short sword of venom
              (6 damage)
             ... on level 2 of the Dungeon.
             The game lasted 00:05:33 (3658 turns).

greenreed the Poker (Hill Orc Monk)                 Turns: 3658, Time: 00:05:34

Health: -5/47      AC:  2    Str: 16    XL:     5   Next: 40%
Magic:  5/5        EV: 12    Int: 10    God:
Gold:   102        SH:  5    Dex: 13    Spells: 4/4 levels left

rFire   . . .      SeeInvis +   a - +0 spear
rCold   . . .      Faith    .   (no shield)
rNeg    . . .      Spirit   .   b - +0 robe
rPois   .          Reflect  +   (no helmet)
rElec   .          Harm     .   (no cloak)
rCorr   .          Rampage  .   (no gloves)
Will    .....                   (no boots)
Stlth   ++........              j - amulet of reflection
HPRegen 0.15/turn               c - ring of see invisible
MPRegen 0.09/turn               (no ring)

@: lethally poisoned (-5 -> -17)
A: no striking features
a: no special abilities


You were on level 2 of the Dungeon.
You visited 1 branch of the dungeon, and saw 3 of its levels.

You collected 102 gold pieces.

Inventory:

Hand Weapons
 a - a +0 spear (weapon)
Missiles
 n - 11 poisoned darts (quivered)
Armour
 b - a +0 robe (worn)
 h - a +0 chain mail
Jewellery
 c - a ring of see invisible (left hand)
 j - an amulet of reflection (around neck)
Scrolls
 d - a scroll of immolation {unknown}
 f - a scroll of magic mapping {unknown}
 g - 3 scrolls of identify {unknown}
 m - a scroll of blinking {unknown}
 o - a scroll of poison {unknown}
Potions
 e - a potion of lignification {unknown}
 i - a potion of mutation {unknown}
 k - 2 potions of brilliance {unknown}
 l - a potion of attraction {unknown}


   Skills:
 + Level 4.3 Fighting
 + Level 4.9 Polearms
 + Level 3.0 Dodging
 + Level 2.5 Stealth
 + Level 0.5 Shields


You had 4 spell levels left.
You didn't know any spells.
Your spell library contained the following spells:

 Spells                   Type           Power      Damage    Failure   Level
 Foxfire                  Conj/Fire      0%         2x1d4     36%         1
 Conjure Flame            Conj/Fire      0%         6-21      75%         3
 Ignite Poison            Fire/Tmut/Pois 0%         N/A       75%         3
 Inner Flame              Hex/Fire       0%         N/A       75%         3
 Mephitic Cloud           Conj/Pois/Air  0%         N/A       75%         3
 Flame Wave               Conj/Fire      0%         2d4       98%         4
 Freezing Cloud           Conj/Ice/Air   0%         6-21      100%        5


Dungeon Overview and Level Annotations

Branches:
Dungeon (3/15)

Altars:
Dithmenos


Message History

You feel sick. The orc misses you.
You hit the orc but do no damage.
The orc is heavily wounded.
You feel sick. The orc barely misses you.
You hit the orc but do no damage.
The orc is heavily wounded.
You feel sick.
The orc hits you with a +2 short sword of venom!
You are more poisoned.
You hit the orc but do no damage.
The orc is heavily wounded.
You feel very sick.
The orc hits you with a +2 short sword of venom.
You barely miss the orc.
The orc is heavily wounded.
You feel very sick.
The orc hits you with a +2 short sword of venom.
You barely miss the orc.
The orc is heavily wounded.
You feel sick.
You hit the orc but do no damage.
The orc is heavily wounded.
You feel sick. The orc barely misses you.
You hit the orc but do no damage.
The orc is heavily wounded.
You feel sick.
The orc hits you with a +2 short sword of venom.
* * * LOW HITPOINT WARNING * * *
You are lethally poisoned!
You hit the orc but do no damage.
The orc is moderately wounded.
* * * LOW HITPOINT WARNING * * *
You feel very sick. You block the orc's attack.
You hit the orc but do no damage.
The orc is moderately wounded.
* * * LOW HITPOINT WARNING * * *
You feel very sick.
The orc hits you with a +2 short sword of venom.
You die...

#######.####### #........[..# #
#.......###.#########.# #
######....#.# #.#
########..........#########.#####
.........###..................†..
.#####.######.....#########.#####
.###.........#....# #......
.......<....###...# #######
.....#####.## ##@## .##..##
##.###o######## ### .##...#
#..#.........# #.. ####..#
##.#.########.# #.# #..# ##....#
#.# #.# ####..###.#.#.## #.# #.#
......##.##.#..# #.# #.#
###............# ##.## #.#
###.#.##.##.##.# #...# #..


You could see an orc.

Vanquished Creatures
  A hound (D:2)
  An orc wizard (D:2)
  3 adders
  A worm (D:2)
  A dart slug (D:3)
  5 orcs
  7 bats (D:1)
  7 endoplasms
  A giant cockroach (D:2)
  7 hobgoblins
  5 jackals
  5 kobolds
  5 quokkas
  5 ball pythons
  5 frilled lizards
  2 goblins (D:1)
  4 rats (D:1)
65 creatures vanquished.

Notes
Turn   | Place    | Note
-------+----------+-------------------------------------------
     0 | D:1      | greenreed the Hill Orc Monk began the quest for the Orb.
     0 | D:1      | Reached XP level 1. HP: 19/19 MP: 1/1
   170 | D:1      | Reached XP level 2. HP: 17/27 MP: 2/2
   755 | D:1      | Reached XP level 3. HP: 24/33 MP: 3/3
  1249 | D:1      | Found a faded altar of an unknown god.
  1529 | D:2      | Found a shadowy altar of Dithmenos.
  1819 | D:2      | Reached XP level 4. HP: 36/40 MP: 4/4
  2698 | D:3      | HP: 2/40 [orc/+0 hand axe (6)]
  2706 | D:2      | Reached XP level 5. HP: 10/46 MP: 5/5
  3658 | D:2      | HP: 1/47 [poisoned by an orc]
  3658 | D:2      | Slain by an orc

Illustrated notes

Levels and vault maps discovered:
D:1:      dpeg_arrival_central, layout_loops_ring,
          dilly_ecumenical_altar_fadedgnrine, hangedman_abyss_or_decor_stabs,
          minmay_close_crescents
D:2:      layout_loops_ring, basic_altar
D:3:      layout_loops_ring, dk_noncrumbling_4, dk_noncrumbling_2

Skill      XL: |  1  2  3  4 |
---------------+-------------+-----
Fighting       | 4 |  4.3
Polearms       | 4 |  4.9
Stealth        | 2 |  2.5
Dodging        | 3 |  3.0
Shields        | |  0.5

Action                   |  1- 3 |  4- 6 || total
-------------------------+-------+-------++-------
Melee: Spear             |   151 |   165 ||   316
       Punch             |     3 |     3 ||     6
  Use: Potion            |       |     1 ||     1
 Stab: Sleeping          |    11 |     6 ||    17
       Distracted        |     1 |       ||     1
Armor: Robe              |    18 |    13 ||    31
Dodge: Dodged            |    68 |    54 ||   122
Block: Other             |     7 |    19 ||    26

Table legend: (Time is in decaauts)
 A = Elapsed time spent in this place.
 B = Non-inter-level travel time spent in this place.
 C = Inter-level travel time spent in this place.
 D = Time resting spent in this place.
 E = Time spent auto-exploring this place.
 F = Levels seen in this place.
 G = Mean time per level.
                   A        B        C        D        E       F      G
               +--------+--------+--------+--------+--------+-----+--------+
         Total |   3627 |   3550 |     77 |    417 |   2534 |   3 | 1209.0 |
       Dungeon |   3627 |   3550 |     77 |    417 |   2534 |   3 | 1209.0 |
               +--------+--------+--------+--------+--------+-----+--------+

Top non-repeatable levels by time:
     D:2: 1641 daAuts
     D:1: 1411 daAuts
     D:3: 573 daAuts
